 Dungeon Crawl Stone Soup version 0.29.1-2-gbd0b4ee654 (webtiles) character file.

Game seed: 12876753182803864660

2205 avis the Severer (level 9, -2/68 (70) HPs)
             Began as a Hill Orc Monk on Oct 28, 2022.
             Slain by a wight
             ... wielding a +5 scimitar
              (3 damage)
             ... on level 7 of the Dungeon on Oct 29, 2022.
             The game lasted 00:30:48 (7413 turns).

avis the Severer (Hill Orc Monk)                    Turns: 7413, Time: 00:30:48

HP:   -2/68 (70)    AC: 12    Str: 18    XL:     9   Next: 34%
MP:   9/9           EV:  7    Int: 10    God:
Gold: 84            SH:  0    Dex: 13    Spells: 8/8 levels left

rFire   . . .      SeeInvis .   a - +1 war axe (drain)
rCold   . . .      Faith    .   (no shield)
rNeg    . . .      Spirit   .   j - +0 chain mail
rPois   +          Reflect  .   (no helmet)
rElec   .          Harm     .   (no cloak)
rCorr   .          Rampage  .   Q - +0 pair of gloves
Will    .....                   P - +2 pair of boots
Stlth   ..........              (no amulet)
HPRegen 0.21/turn               r - ring of poison resistance
MPRegen 0.11/turn               (no ring)

@: confused, ambrosia-drunk, lightly drained
A: no striking features
a: no special abilities


You were on level 7 of the Dungeon.
You visited 1 branch of the dungeon, and saw 7 of its levels.

You collected 293 gold pieces.
You spent 209 gold pieces at shops.

Inventory:

Hand Weapons
 a - a +1 war axe of draining (weapon)
 b - a +0 sling
 n - a +0 halberd
 o - a +0 spear
 q - a +3 short sword
 t - a +0 hand axe
 v - a +0 spear
 w - a +3 hand axe of freezing
 E - a +0 whip of electrocution
 O - a +0 trident
 R - a +1 dagger of draining
 S - a +2 short sword of freezing
 T - a +0 short sword of electrocution
 X - a +0 trident
 Y - a +1 rapier of electrocution
 Z - a +0 war axe
Missiles
 f - 4 boomerangs (quivered)
 u - 14 poisoned darts
Armour
 j - a +0 chain mail (worn)
 k - a +0 plate armour
 B - a +0 robe
 P - a +2 pair of boots (worn)
 Q - a +0 pair of gloves (worn)
Jewellery
 r - a ring of poison resistance (left hand)
 A - a ring of magical power
 G - an amulet of faith
Wands
 C - a wand of mindburst (24)
 H - a wand of iceblast (13)
 I - a wand of digging (3)
 U - a wand of polymorph (10)
Scrolls
 h - 4 scrolls of fear {unknown}
 i - 2 scrolls of magic mapping {unknown}
 l - 3 scrolls of identify
 p - 5 scrolls of teleportation {unknown}
 s - 2 scrolls of blinking {unknown}
 x - a scroll of amnesia {unknown}
 y - 2 scrolls of summoning {unknown}
 K - a scroll of noise
 N - a scroll of butterflies {unknown}
 V - 2 scrolls of vulnerability {unknown}
Potions
 d - 5 potions of curing {unknown}
 e - 2 potions of cancellation {unknown}
 g - 4 potions of heal wounds {unknown}
 m - 3 potions of mutation {unknown}
 z - 3 potions of lignification {unknown}
 D - 2 potions of magic {unknown}
 F - a potion of haste {unknown}
 J - a potion of attraction {unknown}
 L - 2 potions of degeneration {unknown}
 M - 2 potions of flight {unknown}
 W - a potion of invisibility {unknown}


   Skills:
 - Level 3.6 Fighting
 * Level 15.8 Axes
 - Level 2.4 Dodging
 - Level 1.5 Stealth


You had 8 spell levels left.
You didn't know any spells.
Your spell library contained the following spells:

 Spells                   Type           Power      Damage    Failure   Level
 Magic Dart               Conj           0%         1d3       99%         1
 Sandblast                Erth           0%         2d4       99%         1
 Ensorcelled Hibernation  Hex/Ice        0%         N/A       100%        2
 Passwall                 Tmut/Erth      0%         N/A       100%        2
 Searing Ray              Conj           0%         2d4       100%        2
 Portal Projectile        Hex/Tloc       0%         N/A       100%        3
 Stone Arrow              Conj/Erth      0%         3d7       100%        3
 Swiftness                Air            0%         N/A       100%        3
 Tukima's Dance           Hex            0%         N/A       100%        3
 Fulminant Prism          Conj/Hex       0%         3d6       100%        4
 Blade Hands              Tmut           0%         N/A       100%        5


Dungeon Overview and Level Annotations

Branches:
Dungeon (7/15)             Temple (0/1) D:7

Altars:
Gozag
Kikubaaqudgha
Okawaru
Ru
Yredelemnul
The Shining One

Shops:
D:3 (   D:4 *?

Annotations:
D:6 1 transporter


Message History

You slash the wight! You barely miss the wight. You slash the wight!
You destroy the wight!
You feel sick.
Unknown command.
You hit the wight but do no damage.
The wight is severely damaged.
You hit the wight. x2; You feel sick.
The wight hits you but does no damage. x3
Unknown command.
You hit the wight.
The wight is almost destroyed.
You hit the wight.
You destroy the wight!
You hit the wight.
The wight hits you with a +1 short sword of venom.
The wight closely misses you.
You slash the wight!
You destroy the wight!
You hit the wight but do no damage. You barely miss the wight.
You feel sick.
You are no longer poisoned.
The wight completely misses you. The wight hits you with a +5 scimitar.
You feel drained.
Unknown command.
You closely miss the wight. You hit the wight.
Unknown command.
You hit the wight.
The wight is moderately damaged.
You slash the wight!
You destroy the wight!
The wight hits you with a +5 scimitar!
* * * LOW HITPOINT WARNING * * *
You feel drained.
* * * LOW HITPOINT WARNING * * *
You are confused.
You feel invigorated. The wight barely misses you.
You're too confused to move!
The wight hits you with a +5 scimitar!
* * * LOW HITPOINT WARNING * * *
You feel drained.
* * * LOW HITPOINT WARNING * * *
The wight attacks as you move away! The wight hits you with a +5 scimitar.
You die...

##.### #....###
##......# ##.......#
#.......## ###
##........#
###..###.......###
#.....#........##.##
##....).......@z...#
##....##....)))....?#
##....#............#
###.................#
##...###.###........##
##...###..##..##.....#
#.###..................
.#..............#......
##.....#####.....##.


You could see a wight.

Vanquished Creatures
  Pikel (D:4)
  2 steam dragons (D:5)
  Menkaure (D:5)
  A water moccasin (D:7)
  A black bear (D:6)
  An ice beast (D:5)
  An ogre (D:4)
  A lemure (D:4)
  2 kobold brigands
  2 bullfrogs
  3 scorpions
  A necrophage (D:6)
  4 wights (D:7)
  A jelly (D:6)
  An iguana (D:5)
  2 orc wizards
  3 gnolls (D:2)
  5 adders
  A shadow imp (D:5)
  An ufetubus (D:5)
  2 worms
  2 dart slugs
  10 orcs
  4 bats
  7 endoplasms
  2 giant cockroaches
  8 goblins
  6 hobgoblins
  3 jackals
  3 quokkas
  9 ball pythons
  3 frilled lizards
  13 kobolds
  4 rats
111 creatures vanquished.

Vanquished Creatures (others)
  11 fungi (D:5)
11 creatures vanquished.

Grand Total: 122 creatures vanquished

Notes
Turn   | Place    | Note
-------+----------+-------------------------------------------
     0 | D:1      | avis the Hill Orc Monk began the quest for the Orb.
     0 | D:1      | Reached XP level 1. HP: 19/19 MP: 1/1
    53 | D:1      | Reached XP level 2. HP: 16/26 MP: 2/2
   269 | D:1      | Found a faded altar of an unknown god.
   353 | D:1      | Reached skill level 5 in Axes
   866 | D:1      | Reached XP level 3. HP: 31/31 MP: 3/3
  1491 | D:2      | Reached skill level 6 in Axes
  1509 | D:2      | Reached XP level 4. HP: 22/39 MP: 4/4
  1865 | D:2      | Found an ancient bone altar of Kikubaaqudgha.
  2193 | D:2      | Reached skill level 7 in Axes
  2503 | D:3      | Reached XP level 5. HP: 22/45 MP: 5/5
  2937 | D:3      | Found a sacrificial altar of Ru.
  3183 | D:3      | Found Ohideps's Antique Weapon Emporium.
  3196 | D:3      | Bought a runed hand axe for 150 gold pieces
  3348 | D:4      | Found Icistewk's Magic Scroll Shoppe.
  3360 | D:4      | Noticed a lemure
  3360 | D:4      | Noticed a lemure
  3361 | D:4      | Noticed Pikel
  3362 | D:4      | Noticed a lemure
  3364 | D:4      | Noticed a lemure
  3403 | D:4      | Reached skill level 8 in Axes
  3570 | D:4      | Noticed a profane servitor
  3570 | D:4      | Found a basalt altar of Yredelemnul.
  3602 | D:4      | Reached XP level 6. HP: 42/51 MP: 6/6
  3606 | D:4      | Found a glowing golden altar of the Shining One.
  3608 | D:4      | Noticed an angel
  3655 | D:4      | Killed Pikel
  3656 | D:4      | Reached skill level 11 in Axes
  3656 | D:4      | Reached XP level 7. HP: 5/57 MP: 7/7
  4011 | D:4      | Reached skill level 12 in Axes
  4011 | D:4      | Reached XP level 8. HP: 40/64 MP: 8/8
  4313 | D:4      | Found an iron altar of Okawaru.
  4376 | D:4      | Found Qablukebb's Assorted Antiques.
  4797 | D:4      | Bought a scroll of identify for 24 gold pieces
  4797 | D:4      | Bought a scroll of noise for 12 gold pieces
  4862 | D:4      | Bought a bubbling coppery potion for 23 gold pieces
  4882 | D:5      | Entered Level 5 of the Dungeon
  5194 | D:5      | Found an opulent altar of Gozag.
  5466 | D:5      | Reached skill level 13 in Axes
  5774 | D:5      | Noticed Menkaure
  5783 | D:5      | Killed Menkaure
  6072 | D:5      | Reached skill level 14 in Axes
  6810 | D:6      | Reached XP level 9. HP: 69/70 MP: 9/9
  6918 | D:6      | Reached skill level 15 in Axes
  7214 | D:6      | Found a transporter.
  7259 | D:7      | Found a staircase to the Ecumenical Temple.
  7392 | D:7      | Identified the amulet of Hedonism {Faith rN+ Str-2 Int+5
                  | Slay+6}
  7412 | D:7      | HP: 1/68 [wight/+5 scimitar (3)]
  7413 | D:7      | Slain by a wight

Illustrated notes

Levels and vault maps discovered:
D:1:      shiori_arrival_oz, layout_basic, nicolae_ecumenical_snake_handling,
          minmay_vboxes
D:2:      layout_basic, basic_altar, lightli_corner_chamber
D:3:      layout_loops_cross, nicolae_ru_awakened_eye, serial_shops,
          nicolae_lakefront_shop
D:4:      nicolae_cairo_tiling, layout_basic, grunt_temple_overflow_holy_war,
          lemuel_doored_altar, serial_shops, nicolae_diamond_shop,
          nicolae_shop_stone, uniq_pikel
D:5:      kennysheep_steamy, layout_basic, grunt_gozag_breadcrumbs,
          nicolae_hexahallways, uniq_menkaure
D:6:      gammafunk_cloud_chamber, layout_loops_cross,
          kennysheep_opposing_triangles
D:7:      hellmonk_ruined_rings, layout_cave_pools,
          nicolae_overflow_crystal_walls, temple_statues

Skill      XL: |  1  2  3  4  5  6  7  8  9 |
---------------+----------------------------+-----
Axes           | 5 6 7 8 11 12 14 15 | 15.8
Fighting       | |  3.6
Dodging        | |  2.4
Stealth        | |  1.5

Action                   |  1- 3 |  4- 6 |  7- 9 || total
-------------------------+-------+-------+-------++-------
Melee: Hand axe          |    73 |   109 |   144 ||   326
       Punch             |       |     2 |     1 ||     3
       War axe           |       |    24 |    25 ||    49
 Fire: Sling             |       |     3 |    42 ||    45
Throw: Boomerang         |    31 |    15 |       ||    46
  Use: Potion            |       |       |     1 ||     1
 Stab: Sleeping          |     1 |       |       ||     1
Armor: Robe              |     5 |       |       ||     5
       Chain mail        |    12 |    64 |    92 ||   168
Dodge: Dodged            |    28 |    45 |    48 ||   121
